 Dungeon Sprint DCSS version 0.30.0-18-gc0e69614cb (webtiles) character file.

Game seed: 13323876593511322553

450 Groucho the Trooper (level 7, -21/48 HPs)
             Began as a Gargoyle Gladiator on May 23, 2023.
             Was a Believer of Cheibriados.
             Demolished by a boulder beetle (43 damage)
             ... in the Dungeon (Sprint IX: "|||||||||||||||||||||||||||||").
             The game lasted 00:02:04 (639 turns).

Groucho the Trooper (Gargoyle Gladiator)             Turns: 639, Time: 00:02:05

Health: -21/48     AC: 17    Str: 23    XL:     7   Next: 4%
Magic:  11/11      EV: 15    Int: 13    God:    Cheibriados [**....]
Gold:   0          SH:  0    Dex: 21    Spells: 6/6 levels left

rFire   . . .        n - +2 dire flail (heavy)
rCold   . . .        (shield currently unavailable)
rNeg    + . .        p - +2 ring mail
rPois   ∞            c - +0 helmet
rElec   +            (no cloak)
rCorr   .            a - +0 pair of gloves
SInv    .            o - +0 pair of boots
Will    .....        (no amulet)
Stlth   +            b - +3 ring of dexterity
HPRegen 0.28/turn    q - +3 ring of dexterity
MPRegen 0.12/turn

%: no teleportation
@: very slow
A: sickness immunity, AC +4, negative energy resistance 1, electricity
resistance, torment resistance 1, petrification resistance
a: Renounce Religion, Bend Time


You were in the Dungeon.
You worshipped Cheibriados.
Cheibriados was pleased with you.
You visited 1 branch

Inventory:

Hand Weapons
 n - a +2 heavy dire flail (weapon)
Missiles
 d - 3 throwing nets (quivered)
 e - a javelin
Armour
 a - a +0 pair of gloves (worn)
 c - a +0 helmet (worn)
 o - a +0 pair of boots (worn)
 p - a +2 ring mail (worn)
Jewellery
 b - a +3 ring of dexterity (left hand)
 q - a +3 ring of dexterity (right hand)
Wands
 m - a wand of light (10)
Scrolls
 k - 2 scrolls of blinking
 l - 2 scrolls of amnesia
Potions
 h - a potion of haste
 i - 4 potions of magic
 j - 3 potions of curing


   Skills:
 + Level 7.8 Fighting
 + Level 7.4 Maces & Flails
 - Level 1.7 Throwing
 + Level 7.3 Armour
 + Level 6.2 Dodging
 + Level 5.3 Invocations


You had 6 spell levels left.
You didn't know any spells.
Your spell library was empty.

Dungeon Overview and Level Annotations

Branches:
Dungeon (1/1)

Altars:
Cheibriados
Dithmenos
Elyvilon
Fedhas
Gozag
Hepliaklqana
Kikubaaqudgha
Makhleb
Nemelex Xobeh
Okawaru
Qazlal
Ru
Sif Muna
Trog
Uskayaw
Vehumet
Wu Jian
Xom
Yredelemnul
Zin
The Shining One
Jiyva
Lugonu


Innate Abilities, Weirdness & Mutations

You are immune to sickness and miasma.
Your stone body is resilient. (AC +4)
You are immune to poison.
You resist negative energy. (rN+)
You are resistant to electric shocks. (rElec)
You are resistant to unholy torment.
You are immune to petrification.


Message History

The boulder beetle is moderately wounded.
The boulder beetle bites you.
The boulder beetle leaps!
Unknown command.
The boulder beetle bites you.
You hit the boulder beetle but do no damage.
The boulder beetle is moderately wounded.
The manticore flicks its tail.
The volley of spikes misses you.
The volley of spikes hits the boulder beetle but does no damage.
The boulder beetle closely misses you.
You hit the boulder beetle.
The boulder beetle is moderately wounded.
The boulder beetle bites you.
The manticore bites you but does no damage.
The manticore barely misses you. The manticore misses you.
The boulder beetle bites you but does no damage.
You hit the boulder beetle but do no damage.
The boulder beetle is moderately wounded.
The manticore bites you!
The manticore claws you but does no damage. x2
The boulder beetle leaps!
You bludgeon the manticore!!
The manticore is heavily wounded.
The manticore bites you but does no damage.
The manticore claws you but does no damage.
The manticore barely misses you.
The manticore bites you but does no damage.
The manticore barely misses you. The manticore misses you.
You impale the manticore!!
The manticore is almost dead.
The manticore bites you!
* * * LOW HITPOINT WARNING * * *
The manticore barely misses you.
The manticore claws you but does no damage.
The boulder beetle curls into a ball and begins rolling!
You feel better. The manticore barely misses you. x2
The manticore claws you but does no damage.
The boulder beetle hits you!!!
Ouch! That really hurt!
You die...

▓.▓
▓.▓
▓.▓
▓c▓
▓c▓
▓c▓
▓D▓
▓H▓
▓@▓
▓B▓
▓○▓
▓)▓
▓[▓
▓÷▓
▓.▓
▓.▓
▓[▓


You could see a boulder beetle (rolling), a four-headed hydra, 2 centaur
warriors, a manticore and a centaur.

Vanquished Creatures
  2 steam dragons (D)
  An acid dragon (D)
  A centaur (D)
  A jelly (D)
  2 gnoll boudas (D)
  An orc wizard (D)
  An adder (D)
  A worm (D)
  A dart slug (D)
  A goblin (D)
  A hobgoblin (D)
  A quokka (D)
  A rat (D)
15 creatures vanquished.

Vanquished Creatures (others)
  A centaur (D)
1 creature vanquished.

Grand Total: 16 creatures vanquished

Notes
Turn   | Place    | Note
-------+----------+-------------------------------------------
     0 | D        | Groucho the Gargoyle Gladiator began the quest for the Orb.
     0 | D        | Reached XP level 1. HP: 12/12 MP: 1/1
     8 | D        | Reached skill level 1 in Armour
    18 | D        | Reached XP level 2. HP: 19/19 MP: 2/2
    43 | D        | Reached XP level 3. HP: 24/24 MP: 3/3
    46 | D        | Reached XP level 4. HP: 30/30 MP: 4/4
    53 | D        | Reached skill level 5 in Fighting
    53 | D        | Reached skill level 5 in Maces & Flails
   196 | D        | Found a snail-covered altar of Cheibriados.
   196 | D        | Found a shadowy altar of Dithmenos.
   196 | D        | Found a white marble altar of Elyvilon.
   196 | D        | Found a blossoming altar of Fedhas.
   196 | D        | Found an opulent altar of Gozag.
   197 | D        | Found a hazy altar of Hepliaklqana.
   198 | D        | Found a viscous altar of Jiyva.
   199 | D        | Found an ancient bone altar of Kikubaaqudgha.
   200 | D        | Became a worshipper of Cheibriados the Contemplative
   201 | D        | Found a corrupted altar of Lugonu.
   202 | D        | Found a burning altar of Makhleb.
   203 | D        | Found a sparkling altar of Nemelex Xobeh.
   204 | D        | Found an iron altar of Okawaru.
   205 | D        | Found a stormy altar of Qazlal.
   206 | D        | Found a sacrificial altar of Ru.
   207 | D        | Found a shimmering blue altar of Sif Muna.
   208 | D        | Found a bloodstained altar of Trog.
   209 | D        | Found a hide-covered altar of Uskayaw.
   210 | D        | Found a radiant altar of Vehumet.
   211 | D        | Found an ornate altar of the Wu Jian Council.
   212 | D        | Found a shimmering altar of Xom.
   213 | D        | Found a basalt altar of Yredelemnul.
   214 | D        | Found a glowing silver altar of Zin.
   215 | D        | Found a glowing golden altar of the Shining One.
   270 | D        | Noticed a centaur
   270 | D        | Noticed a centaur
   270 | D        | Noticed a steam dragon
   270 | D        | Noticed an acid dragon
   270 | D        | Noticed a steam dragon
   276 | D        | Killed an acid dragon
   277 | D        | Reached skill level 5 in Armour
   277 | D        | Reached skill level 5 in Dodging
   277 | D        | Reached XP level 5. HP: 22/37 MP: 4/7
   281 | D        | Killed a steam dragon
   282 | D        | Reached XP level 6. HP: 41/44 MP: 4/9
   284 | D        | Killed a steam dragon
   284 | D        | Reached * piety under Cheibriados
   292 | D        | Reached skill level 5 in Invocations
   292 | D        | Reached ** piety under Cheibriados
   293 | D        | Reached XP level 7. HP: 43/48 MP: 6/11
   628 | D        | Noticed a centaur warrior
   628 | D        | Noticed a centaur warrior
   628 | D        | Noticed a four-headed hydra
   628 | D        | Noticed a manticore
   628 | D        | Noticed a boulder beetle
   639 | D        | Demolished by a boulder beetle

Illustrated notes

Levels and vault maps discovered:
D:        linesprint [early_d, line_temple, items_1, d_10, items_2, lair_1,
          lair_end, items_3, orc_1, orc_end, items_4, d_15, swamp_1, shoals_1,
          snake_1, spider_1, d_20, vaults_1, items_5, swamp_end, shoals_end,
          snake_end, spider_end, vaults_end, d_27, items_6, zot_1, zot_end,
          crypt_end, forest_end, elf_end, slime_end, tomb_end, abyss_end,
          pan_hell_end]

Skill      XL: |  1  2  3  4  5  6 |
---------------+-------------------+-----
Armour         | 1 3 5 6 7 |  7.3
Fighting       | 3 4 6 7 |  7.8
Maces & Flails | 4 6 7 |  7.4
Dodging        | 3 5 6 |  6.2
Invocations    | 3 4 5 |  5.3
Throwing       | |  1.7

Action                     |  1- 3 |  4- 6 |  7- 9 || total
---------------------------+-------+-------+-------++-------
  Melee: Flail             |    32 |    14 |       ||    46
         Punch             |     1 |       |       ||     1
         Dire flail        |       |    16 |     9 ||    25
    Use: Potion            |     3 |     3 |     1 ||     7
   Stab: Invisible         |       |     3 |       ||     3
 Armour: Leather armour    |    11 |     2 |       ||    13
         Ring mail         |       |    20 |     9 ||    29
  Dodge: Dodged            |    11 |    35 |    13 ||    59
